 Dungeon Crawl Stone Soup version 0.32-a0-699-g1ee5eff69a (webtiles) character file.

Game seed: 15359869657873422311

3 sleeves the Ducker (level 1, 0/13 HPs)
             Began as a Merfolk Hedge Wizard on Mar 14, 2024.
             Slain by a hobgoblin (3 damage)
             ... on level 1 of the Dungeon.
             The game lasted 00:00:34 (112 turns).

sleeves the Ducker (Merfolk Hedge Wizard)            Turns: 112, Time: 00:00:34

Health: 0/13       AC:  2    Str: 10    XL:     1   Next: 50%
Magic:  2/4        EV: 12    Int: 13    God:
Gold:   23         SH:  0    Dex: 13    Spells: 5/6 levels left

rFire   . . .        a - +0 dagger
rCold   . . .        (no shield)
rNeg    . . .        b - +0 robe
rPois   .            c - +0 hat
rElec   .            (no cloak)
rCorr   .            (no gloves)
SInv    .            (no boots)
Will    .....        (no amulet)
Stlth   ++           (no ring)
HPRegen 0.22/turn    (no ring)
MPRegen 0.09/turn

%: no passive effects
@: very slightly contaminated
A: (nimble swimmer 2), mertail
a: no special abilities


You were on level 1 of the Dungeon.
You visited 1 branch of the dungeon, and saw 1 of its levels.

You collected 23 gold pieces.

Inventory:

Hand Weapons
 a - a +0 dagger (weapon)
Armour
 b - a +0 robe (worn)
 c - a +0 hat (worn)
Potions
 d - a potion of magic
 e - a potion of haste {unknown}


   Skills:
 + Level 3.1 Dodging
 - Level 2.1 Stealth
 - Level 3.0 Spellcasting
 - Level 0.7 Conjurations
 - Level 1.0 Summonings
 - Level 0.7 Translocations


You had 5 spell levels left.
You knew the following spells:

 Your Spells              Type           Power      Damage    Failure   Level
a - Magic Dart            Conj           12%        1d3       17%         1

Your spell library contained the following spells:

 Spells                   Type           Power      Damage    Failure   Level
 Slow                     Hex            4%         N/A       22%         1
 Call Imp                 Summ           8%         N/A       22%         2
 Blink                    Tloc           6%         N/A       26%         2
 Cigotuvi's Dreadful Rot  Necr/Alch/Air  2%         N/A       34%         2
 Mephitic Cloud           Conj/Alch/Air  2%         N/A       54%         3


Dungeon Overview and Level Annotations

Branches:
Dungeon (1/15)

Altars:


Innate Abilities, Weirdness & Mutations

((You are very nimble when in or above water. (Stealth+, EV+, Speed+++)))
Your lower body shifts to a powerful aquatic tail in water.


Message History

Welcome, sleeves the Merfolk Hedge Wizard.
It is said that the Orb of Zot exists deep within this dungeon.
Press ? for a list of commands and other information.
Found a staircase leading out of the dungeon.
You open the door.
There is an open door here.
You now have 13 gold pieces.
A bat and a rat come into view.
There are monsters nearby!
There are monsters nearby!
The magic dart hits the bat but does no damage.
The magic dart hits the bat.
The bat is moderately wounded.
The bat hits you but does no damage. The bat hits you but does no damage.
You hit the bat.
The bat is moderately wounded.
The bat hits you but does no damage. The bat misses you.
The bat barely misses you. The bat completely misses you.
You hit the bat.
The bat is severely wounded.
The bat hits you but does no damage. The bat hits you but does no damage.
The bat closely misses you. The bat barely misses you.
You closely miss the bat.
The bat is heavily wounded.
The bat barely misses you.
You barely miss the bat.
The bat is heavily wounded.
The bat hits you but does no damage. The bat barely misses you.
The bat hits you but does no damage. The rat bites you.
You hit the rat but do no damage. The bat completely misses you.
The rat barely misses you.
You closely miss the rat. The rat barely misses you.
You hit the bat.
The bat is heavily wounded.
The bat hits you but does no damage. The rat misses you.
You hit the rat.
You kill the rat!
The bat barely misses you.
You hit the bat but do no damage.
The bat is moderately wounded.
The bat hits you but does no damage.
You hit the bat.
The bat is severely wounded.
The bat barely misses you.
You hit the bat.
You kill the bat!
Your Dodging skill increases to level 3!
No target in view!
No target in view!
Magic restored.
As you open the door, it creaks loudly!
You hear a shout!
A hobgoblin comes into view.
A hobgoblin is nearby!
A hobgoblin is nearby!
The magic dart hits the hobgoblin.
The hobgoblin is lightly wounded.
The hobgoblin shouts!
The magic dart hits the hobgoblin but does no damage.
The hobgoblin is lightly wounded.
The magic dart hits the hobgoblin.
The hobgoblin is moderately wounded.
You hit the hobgoblin.
The hobgoblin is severely wounded.
The hobgoblin barely misses you.
You hit the hobgoblin.
You kill the hobgoblin!
No target in view!
No target in view!
Found a ring mail.
There is an open door here.
You now have 23 gold pieces (gained 10).
e - a viscous inky potion A ball python and a hobgoblin come into view.
The hobgoblin shouts!
A kobold comes into view. It is wielding a +0 short sword.
You miscast Magic Dart.
You are very lightly contaminated with residual magic.
Nothing appears to happen.
The magic dart hits the hobgoblin but does no damage.
You hit the hobgoblin but do no damage. The hobgoblin hits you.
You are too injured to fight recklessly!
You are too injured to fight recklessly!
You hit the hobgoblin but do no damage. The hobgoblin hits you.
* * * LOW HITPOINT WARNING * * *
You barely miss the hobgoblin. The hobgoblin closely misses you.
You hit the hobgoblin but do no damage. The hobgoblin hits you.
* * * LOW HITPOINT WARNING * * *
You hit the hobgoblin.
The hobgoblin is severely wounded.
The hobgoblin hits you.
You die...

#. #..# ##+#..#
###'## #..# #.....#
......# #..# #.....#
...!S.. #..# #.....#
.......##..# #.....#
...........# #.....#
......#S...###.....#
##### #g#..........#
#@#..###.....#
#............#
######.......#
#.###....##
#######...#.....#
#.......#.#.....##
#.......'..........
#.......#.#...#.##.
#.......#.#..[#...


You could see a hobgoblin and a ball python.

Vanquished Creatures
  A bat (D:1)
  A hobgoblin (D:1)
  A rat (D:1)
3 creatures vanquished.

Notes
Turn   | Place    | Note
-------+----------+-------------------------------------------
     0 | D:1      | sleeves the Merfolk Hedge Wizard began the quest for the
                  | Orb.
     0 | D:1      | Reached XP level 1. HP: 13/13 MP: 4/4
    38 | D:1      | Reached skill level 3 in Dodging
   109 | D:1      | HP: 5/13 [hobgoblin (4)]
   112 | D:1      | Slain by a hobgoblin

Illustrated notes

Levels and vault maps discovered:
D:1:      scummos_arrival_simple_fountains, layout_basic

Skill      XL: |  1 |
---------------+----+-----
Dodging        | 3 |  3.1
Stealth        | |  2.1
Spellcasting   | |  3.0
Conjurations   | |  0.7
Summonings     | |  1.0
Translocations | |  0.7

Action                     || total
---------------------------++-------
  Melee: Dagger            ||    18
   Cast: Magic Dart        ||     6
 Armour: Robe              ||    14
  Dodge: Dodged            ||    15

Table legend: (Time is in decaauts)
 A = Elapsed time spent in this place.
 B = Non-inter-level travel time spent in this place.
 C = Inter-level travel time spent in this place.
 D = Time resting spent in this place.
 E = Time spent auto-exploring this place.
 F = Levels seen in this place.
 G = Mean time per level.
                   A        B        C        D        E       F      G
               +--------+--------+--------+--------+--------+-----+--------+
         Total |    112 |    112 |      0 |      0 |     72 |   1 |  112.0 |
       Dungeon |    112 |    112 |      0 |      0 |     72 |   1 |  112.0 |
               +--------+--------+--------+--------+--------+-----+--------+

Top non-repeatable levels by time:
     D:1: 112 daAuts
